 Dungeon Crawl Stone Soup version 0.31-a0-37-g98a128e1d9 (webtiles) character file.

Game seed: 9643878047626198040

113894 Ritel the Slayer (level 16, 0/139 HPs)
             Began as a Minotaur Berserker on May 15, 2023.
             Was a High Priest of Trog.
             Succumbed to a green very ugly thing's poison
             ... while paralysed
             ... on level 3 of the Abyss.
             The game lasted 02:00:43 (23676 turns).

Ritel the Slayer (Minotaur Berserker)              Turns: 23676, Time: 02:00:44

Health: 0/139      AC: 26    Str: 24    XL:     16   Next: 15%
Magic:  15/15      EV:  2    Int:  0    God:    Trog [*****.]
Gold:   1830       SH:  0    Dex: 16    Spells: 15/15 levels left

rFire   + . .        a - +3 scimitar (flame)
rCold   . . .        I - +2 buckler
rNeg    . . .        r - +1 chain mail {rPois}
rPois   +            D - +0 hat
rElec   .            o - +1 cloak
rCorr   .            h - +2 pair of gloves
SInv    +            q - +2 pair of boots
Will    ++...        K - amulet of regeneration Stlth
                     H - ring of willpower
HPRegen 0.00/turn    p - ring of see invisible
MPRegen 0.14/turn

%: no passive effects
@: paralysed, lethally poisoned (0 -> -96), on berserk cooldown, inhibited
regen, slowed, lost intelligence, studying Unarmed Combat, unable to read
A: horns 2, retaliatory headbutt, iridescent scales 1, fire resistance 1,
screaming 1, subdued magic 1, MP-powered wands, [dopey 2], [frail 2], [inhibited
regeneration]
a: Renounce Religion, Berserk, Trog's Hand, Brothers in Arms


You were on level 3 of the Abyss.
You worshipped Trog.
Trog was extremely pleased with you.
You visited 3 branches of the dungeon, and saw 21 of its levels.
You visited the Abyss 1 time.
You also visited: Ossuary and Ice Cave.

You collected 1830 gold pieces.

Inventory:

Hand Weapons
 a - a +3 scimitar of flaming (weapon)
 T - a +6 great sword
 U - a +5 heavy glaive
Missiles
 c - 3 curare-tipped darts (quivered)
 w - 3 throwing nets
Armour
 h - a +2 pair of gloves (worn)
 m - a +1 crystal plate armour of cold resistance
 o - a +1 cloak (worn)
 q - a +2 pair of boots (worn)
 r - a +1 chain mail of poison resistance (worn)
 D - a +0 hat (worn)
 I - a +2 buckler (worn)
 J - a +0 troll leather armour
Jewellery
 p - a ring of see invisible (right hand)
 H - a ring of willpower (left hand)
 K - an amulet of regeneration (around neck)
 P - a ring of ice
 R - a ring of fire
Wands
 s - a wand of charming (29)
 u - a wand of iceblast (18)
 y - a wand of light (10)
 A - a wand of flame (30)
 C - a wand of mindburst (7)
 F - a wand of polymorph (28)
Scrolls
 b - 2 scrolls of fear
 f - 2 scrolls of enchant weapon
 i - 2 scrolls of enchant armour
 t - 8 scrolls of teleportation
 v - 6 scrolls of poison
 z - 2 scrolls of fog
 G - 2 scrolls of magic mapping
 M - a scroll of brand weapon {unknown}
 O - 3 scrolls of blinking
 Q - a scroll of silence {unknown}
Potions
 e - 3 potions of resistance
 g - 2 potions of might
 j - 2 potions of haste
 k - 6 potions of magic
 l - 7 potions of curing
 n - 6 potions of heal wounds
 x - 6 potions of flight
 N - 4 potions of berserk rage
 S - a potion of brilliance {unknown}
Miscellaneous
 d - a piece from Xom's chessboard (15/15)
 B - a phantom mirror
 E - a lightning rod (4/4)
 L - a box of beasts


   Skills:
 * Level 23.8 Fighting
 - Level 14.0 Long Blades
 - Level 1.8 Polearms
 + Level 15.4 Armour
 - Level 8.6 Dodging
 - Level 10.2 Shields
 - Level 2.5 Unarmed Combat
 - Level 4.9 Evocations


You had 15 spell levels left.
You didn't know any spells.
Your spell library was empty.

Dungeon Overview and Level Annotations

Branches:
Dungeon (15/15)            Temple (0/1) D:4            Lair (5/5) D:9
  Swamp (0/4) Lair:3       Spider (0/4) Lair:2        Slime (0/5) Lair:4
    Orc (1/2) D:9          Vaults (0/5) D:14         Depths (0/4) D:15
Ossuary (visited)           IceCv (visited)

Altars:
Ashenzari
Gozag
Kikubaaqudgha
Okawaru
Qazlal
Sif Muna
Trog
Vehumet
Wu Jian
Xom
Yredelemnul
Jiyva

Annotations:
Orc:1 Sonja


Innate Abilities, Weirdness & Mutations

You have a pair of horns on your head.
You reflexively headbutt those who attack you in melee.
You are partially covered in iridescent scales. (AC +2)
Your flesh is heat resistant. (rF+)
You occasionally shout uncontrollably at your foes.
Your spells are a little easier to cast, but a little less powerful.
You expend magic power (3 MP) to strengthen your wands.
[You are very dopey. (Int -4)]
[You are very frail. (-20% HP)]
[You do not regenerate when monsters are visible.]


Message History

Something bites your two-headed ogre but does no damage.
Something claws your two-headed ogre but does no damage.
Something claws your two-headed ogre.
You hear a shout!
You feel better.
Your two-headed ogre hits the green very ugly thing with a +0 giant club!!!
Your two-headed ogre hits the green very ugly thing with a +0 giant club!
The green very ugly thing trunk-slaps you but does no damage.
The green very ugly thing gores you but does no damage.
A wretched star comes into view.
Your two-headed ogre hits the green very ugly thing with a +0 giant club!
Your two-headed ogre hits the green very ugly thing with a +0 giant club!!
The green very ugly thing dies!
Trog accepts your kill.
A wretched star comes into view.
The wretched star pulses with an eldritch light!
You feel stupid. x2
You have lost your intelligence.
You feel frail. x2
Your two-headed ogre hits the green very ugly thing with a +0 giant club!!!
Your two-headed ogre barely misses the green very ugly thing.
The green very ugly thing trunk-slaps you!
* * * LOW HITPOINT WARNING * * *
The quasit bites your two-headed ogre.
The quasit barely misses your two-headed ogre. x2
The green very ugly thing trunk-slaps you!
* * * LOW HITPOINT WARNING * * *
A green very ugly thing comes into view.
The green very ugly thing gores your two-headed ogre.
Your two-headed ogre looks as sick as possible!
The green very ugly thing poisons your two-headed ogre!
The wretched star glows turbulently.
The lance of force hits you but does no damage.
Your two-headed ogre hits the green very ugly thing but does no damage.
Your two-headed ogre completely misses the green very ugly thing.
The green very ugly thing trunk-slaps you.
* * * LOW HITPOINT WARNING * * *
You are lethally poisoned!
The green very ugly thing poisons you!
You die...

# .. # # .# # ..#
####. ... #..### ..#.
#.## # # ..#.. ..##
...###. ....§.#.#.....
. #..#........ .. §
#.....#.....# .. #@###
... .. #....#uu# # .##
#.#
#..#.*##O####...###...
*..#. ...#.....#...
....##.#.#u5........ .
..##.....#.#..uu.#. .
# #.#.#..####..)###
..# #. #.#... ##.##
.## # . ..## .#) .# .


You could see 3 very ugly things, 2 wretched stars and a friendly two-headed
ogre (summoned, berserk, extremely poisoned).

Vanquished Creatures
  Jorgrun (D:15)
  A lich (Abyss:2)
  2 tentacled starspawn
  A balrug (Abyss:3)
  2 angels (Abyss:3)
  A cacodemon (Abyss:3)
  2 caustic shrike zombies
  A reaper (IceCv)
  13 starcursed masses
  6 slime creatures
  A yaktaur captain (D:14)
  7 hydras
  The ghost of Pokonic1 the Blocker, a journeyman FoFi of Qazlal (Lair:1)
  Erica (Lair:2)
  An ogre mage (D:15)
  3 centaur warriors (D:15)
  A catoblepas (D:14)
  4 boulder beetles
  5 two-headed ogres
  4 death yaks
  2 tengu warriors (D:15)
  A wretched star (Abyss:2)
  2 sixfirhies
  A skyshark (Lair:5)
  A thrashing horror (Abyss:2)
  6 skeletal warriors
  Pikel (D:6)
  A phantasmal warrior (D:15)
  A tengu zombie (D:15)
  A wolf spider zombie (D:13)
  A harpy (shapeshifter) (Abyss:3)
  2 deep elf pyromancers (D:13)
  A shadow dragon skeleton (D:15)
  A sphinx zombie (D:15)
  A necromancer (D:15)
  7 cyclopes
  5 manticores
  17 ugly things
  A salamander (shapeshifter) (D:14)
  2 rust devils
  10 elephants
  An apocalypse crab (Abyss:2)
  6 black mambas
  6 cane toads
  A centaur skeleton (D:13)
  An ice statue (IceCv)
  A gargoyle (D:12)
  3 smoke demons
  3 orange demons
  3 unseen horrors
  6 rime drakes
  Maggie (Lair:1)
  3 freezing wraiths
  2 yaktaurs (D:14)
  An anaconda simulacrum (IceCv)
  An efreet (D:14)
  A tengu conjurer (D:13)
  11 komodo dragons
  An ancient zyme (Abyss:3)
  10 trolls
  A red devil (D:9)
  A guardian mummy (D:15)
  5 polar bears
  6 hornets
  A hellwing (D:9)
  2 dream sheep (Lair:5)
  14 blink frogs
  2 raiju (Abyss:2)
  A centaur simulacrum (D:13)
  A vampire (D:12)
  4 flying skulls (Abyss:2)
  13 spriggans (Lair:5)
  3 shadows
  2 wraiths
  A ynoxinul (Abyss:2)
  32 yaks
  5 wyverns
  A basilisk (shapeshifter) (D:13)
  2 steam dragons
  3 small abominations (Abyss:2)
  Eustachio (D:5)
  8 large abominations
  A chaos spawn (D:8)
  A death yak simulacrum (IceCv)
  11 basilisks
  2 neqoxecs (D:9)
  Edmund (D:6)
  A harpy simulacrum (IceCv)
  2 acid dragons
  2 wargs (D:9)
  3 hydra simulacra (IceCv)
  23 water moccasins
  A sky beast (D:7)
  11 black bears
  8 orc warriors
  2 ice beasts
  13 ogres
  44 wolves
  5 boggarts (Lair:5)
  2 phantoms
  A centaur (D:8)
  A lemure (D:6)
  An elf zombie (Ossuary)
  5 kobold brigands
  The ghost of ZoeForever1 the Magician, an amateur DEAE (D:3)
  A gnoll sergeant (D:8)
  7 bullfrogs
  7 scorpions
  4 two-headed ogre simulacra (IceCv)
  2 cane toad simulacra (IceCv)
  3 wights (D:8)
  3 elephant simulacra
  7 killer bees (D:9)
  11 howler monkeys
  3 electric eels
  3 human zombies (Ossuary)
  7 quasits
  5 centaur zombies
  7 orc priests
  12 hounds
  15 jellies
  2 gnoll boudas
  Crazy Yiuf (D:7)
  3 sleepcaps
  9 iguanas
  13 orc wizards
  4 troll simulacra (IceCv)
  2 polar bear simulacra
  6 spriggan simulacra (IceCv)
  A wolf simulacrum (IceCv)
  4 hound zombies (Ossuary)
  3 mummies (Ossuary)
  9 gnolls
  6 adders
  5 naga simulacra (IceCv)
  5 shadow imps
  9 white imps (IceCv)
  8 ufetubi
  4 adder zombies (Ossuary)
  4 worms
  The ghost of BlueFish the Sneak, a weakling DrDe (D:5)
  4 dart slugs
  43 orcs
  6 endoplasms
  3 giant cockroaches
  8 goblins
  7 hobgoblins
  20 kobolds
  4 quokkas
  2 training dummies (D:4)
  5 ball pythons
  5 bats
  A frilled lizard (D:1)
  A gnoll zombie (Ossuary)
  6 goblin zombies (Ossuary)
  3 hobgoblin zombies (Ossuary)
  4 jackal zombies (Ossuary)
  4 kobold zombies (Ossuary)
  2 orc zombies (Ossuary)
  2 quokka zombies (Ossuary)
  5 rats
767 creatures vanquished.

Vanquished Creatures (collateral kills)
  A very ugly thing (Abyss:3)
  A cyclops (D:8)
  2 cane toads
  3 slime creatures (D:13)
  An orc warrior (D:8)
  An ogre (D:8)
  5 wolves (Lair:2)
  A bullfrog (Lair:2)
  An orc priest (D:8)
  A gnoll bouda (D:8)
  2 orc wizards (D:8)
19 creatures vanquished.

Vanquished Creatures (others)
  A small abomination (Abyss:3)
  An orc priest (Orc:1)
  8 starspawn tentacles
10 creatures vanquished.

Grand Total: 796 creatures vanquished

Notes
Turn   | Place    | Note
-------+----------+-------------------------------------------
     0 | D:1      | Ritel the Minotaur Berserker began the quest for the Orb.
     0 | D:1      | Reached XP level 1. HP: 19/19 MP: 0/0
   160 | D:1      | Reached XP level 2. HP: 24/26 MP: 1/1
   195 | D:1      | Found a faded altar of an unknown god.
   815 | D:2      | Reached skill level 5 in Long Blades
  1067 | D:2      | Reached XP level 3. HP: 31/31 MP: 2/2
  1160 | D:2      | Reached ** piety under Trog
  1436 | D:3      | Reached XP level 4. HP: 39/39 MP: 3/3
  1475 | D:3      | Found a runed translucent gate.
  1475 | D:3      | Found a runed translucent gate.
  1475 | D:3      | Found a runed translucent gate.
  1476 | D:3      | Noticed a kobold brigand
  1477 | D:3      | Noticed ZoeForever1's ghost (amateur DEAE)
  1497 | D:3      | Killed ZoeForever1's ghost
  1498 | D:3      | Reached XP level 5. HP: 45/45 MP: 4/4
  1504 | D:3      | HP: 2/44 [kobold/+2 rapier of distortion (4)]
  1862 | D:4      | Found a bloodstained altar of Trog.
  1864 | D:4      | Found an opulent altar of Gozag.
  1864 | D:4      | Found an ancient bone altar of Kikubaaqudgha.
  1921 | D:4      | Found a staircase to the Ecumenical Temple.
  1944 | D:4      | Reached XP level 6. HP: 51/51 MP: 5/5
  2172 | D:4      | Reached *** piety under Trog
  2593 | D:5      | Entered Level 5 of the Dungeon
  2597 | D:5      | Noticed a water moccasin
  2782 | D:5      | Noticed BlueFish's ghost (weakling DrDe)
  2783 | D:5      | Found a runed translucent gate.
  2784 | D:5      | Found a runed translucent gate.
  2784 | D:5      | Found a runed translucent gate.
  2795 | D:5      | Killed BlueFish's ghost
  2802 | D:5      | Noticed an ice beast
  2863 | D:4      | Reached XP level 7. HP: 52/57 MP: 6/6
  2975 | D:5      | Reached skill level 10 in Long Blades
  3022 | D:5      | Reached skill level 1 in Shields
  3122 | D:5      | Found a radiant altar of Vehumet.
  3305 | D:5      | Reached XP level 8. HP: 64/64 MP: 7/7
  3377 | D:5      | Noticed Eustachio
  3396 | D:5      | Killed Eustachio
  3725 | D:6      | Noticed Edmund
  3738 | D:6      | Killed Edmund
  3918 | D:6      | Reached skill level 1 in Polearms
  3951 | D:6      | Reached XP level 9. HP: 65/71 MP: 8/8
  3956 | D:6      | Reached skill level 4 in Fighting
  3970 | D:6      | Found an ornate altar of the Wu Jian Council.
  4168 | D:6      | Identified the +1 robe "Biuvy" {rC- Int+3 Slay+4}
  4283 | D:6      | Noticed Pikel
  4301 | D:6      | Killed Pikel
  4302 | D:6      | Reached skill level 5 in Fighting
  4356 | D:6      | Found a broken altar of Ashenzari.
  4501 | D:7      | Reached skill level 6 in Fighting
  4517 | D:7      | Reached skill level 5 in Shields
  4694 | D:7      | Reached **** piety under Trog
  4748 | D:7      | Reached skill level 7 in Fighting
  4767 | D:7      | Found a basalt altar of Yredelemnul.
  4771 | D:7      | Found a sand-covered staircase.
  4780 | Ossuary  | Entered an ossuary
  5288 | D:7      | Reached skill level 8 in Fighting
  5292 | D:7      | Reached XP level 10. HP: 85/88 MP: 9/9
  5603 | D:7      | Found a runed translucent door.
  5604 | D:7      | Noticed Crazy Yiuf
  5609 | D:7      | Killed Crazy Yiuf
  5781 | D:8      | Reached ***** piety under Trog
  5927 | D:8      | Reached skill level 9 in Fighting
  6413 | D:8      | Reached skill level 10 in Fighting
  6792 | D:8      | Noticed a cyclops
  6797 | D:8      | Killed a cyclops
  6798 | D:8      | Reached skill level 11 in Fighting
  7323 | D:8      | Reached XP level 11. HP: 32/104 MP: 10/10
  7554 | D:8      | Identified the +7 sling "Tiamm" {drain, Fragile rElec rCorr
                  | MP+9}
  8151 | D:8      | Reached skill level 12 in Fighting
  8340 | D:8      | Reached skill level 10 in Shields
  8736 | D:9      | Reached skill level 13 in Fighting
  8742 | D:9      | Found a staircase to the Lair.
  8803 | D:9      | Noticed a sixfirhy
  8811 | D:9      | Killed a sixfirhy
  9016 | D:9      | Reached skill level 5 in Armour
  9138 | D:9      | Gained mutation: You are occasionally teleported next to
                  | monsters. [a neqoxec]
  9156 | D:9      | Gained mutation: You are covered in fur. (AC +1) [a
                  | neqoxec]
  9157 | D:9      | Gained mutation: You have a pair of large horns on your
                  | head. [a neqoxec]
  9158 | D:9      | Gained mutation: [You do not regenerate when monsters are
                  | visible.] [a neqoxec]
  9316 | D:9      | Lost mutation: You are covered in fur. (AC +1) [potion of
                  | mutation]
  9316 | D:9      | Lost mutation: You are occasionally teleported next to
                  | monsters. [potion of mutation]
  9316 | D:9      | Lost mutation: [You do not regenerate when monsters are
                  | visible.] [potion of mutation]
  9316 | D:9      | Gained mutation: [You are frail. (-10% HP)] [potion of
                  | mutation]
  9316 | D:9      | Gained mutation: You are agile. (Dex +4, Str/Int -1)
                  | [potion of mutation]
  9437 | D:7      | Lost mutation: [You are frail. (-10% HP)] [potion of
                  | mutation]
  9437 | D:7      | Lost mutation: You have a pair of large horns on your head.
                  | [potion of mutation]
  9437 | D:7      | Lost mutation: You are agile. (Dex +4, Str/Int -1) [potion
                  | of mutation]
  9437 | D:7      | Gained mutation: You possess an exceptional clarity of
                  | mind. [potion of mutation]
  9706 | D:9      | Gained mutation: You are vulnerable to cold. (rC-) [a
                  | neqoxec]
  9881 | D:9      | Found a staircase to the Orcish Mines.
  9969 | D:9      | Received a gift from Trog
 10262 | D:10     | Entered Level 10 of the Dungeon
 10433 | D:10     | Lost mutation: You are vulnerable to cold. (rC-) [potion of
                  | mutation]
 10433 | D:10     | Lost mutation: You possess an exceptional clarity of mind.
                  | [potion of mutation]
 10433 | D:10     | Gained mutation: Armour fits poorly on your strangely
                  | shaped body. [potion of mutation]
 10433 | D:10     | Gained mutation: You expend magic power (3 MP) to
                  | strengthen your wands. [potion of mutation]
 10433 | D:10     | Gained mutation: You are robust. (+10% HP) [potion of
                  | mutation]
 10465 | D:10     | Found a shimmering blue altar of Sif Muna.
 10561 | D:10     | Found a shimmering altar of Xom.
 11372 | D:11     | Noticed a boulder beetle
 11400 | D:11     | Killed a boulder beetle
 11401 | D:11     | Reached skill level 14 in Fighting
 11401 | D:11     | Reached XP level 12. HP: 128/128 MP: 11/11
 11505 | Lair:1   | Entered Level 1 of the Lair of Beasts
 11565 | Lair:1   | Found a transporter.
 11575 | Lair:1   | Noticed a death yak
 11575 | Lair:1   | Noticed Pokonic1's ghost (journeyman FoFi)
 11577 | Lair:1   | Found a transporter.
 11578 | Lair:1   | Noticed a seven-headed hydra
 11586 | Lair:1   | Noticed a four-headed hydra
 11872 | Lair:1   | Reached skill level 1 in Evocations
 11912 | Lair:1   | Noticed Maggie
 11919 | Lair:1   | Killed Maggie
 11920 | Lair:1   | Reached skill level 5 in Dodging
 12651 | Lair:2   | Reached skill level 15 in Fighting
 12665 | Lair:1   | Lost mutation: You are robust. (+10% HP) [potion of
                  | mutation]
 12665 | Lair:1   | Lost mutation: Armour fits poorly on your strangely shaped
                  | body. [potion of mutation]
 12665 | Lair:1   | Gained mutation: Your spells are a little easier to cast,
                  | but a little less powerful. [potion of mutation]
 12665 | Lair:1   | Gained mutation: You occasionally shout uncontrollably at
                  | your foes. [potion of mutation]
 12665 | Lair:1   | Gained mutation: Your flesh is heat resistant. (rF+)
                  | [potion of mutation]
 12665 | Lair:1   | Gained mutation: You are partially covered in iridescent
                  | scales. (AC +2) [potion of mutation]
 12674 | Lair:2   | Noticed a six-headed hydra
 12689 | Lair:2   | Killed a 12-headed hydra
 12690 | Lair:2   | Reached skill level 10 in Armour
 12698 | Lair:2   | Noticed Erica
 12917 | Lair:2   | Killed Erica
 13158 | Lair:2   | Found a hole to the Spider Nest.
 13669 | Lair:3   | Reached XP level 13. HP: 122/128 MP: 12/12
 13875 | Lair:3   | Found a staircase to the Swamp.
 13876 | Lair:3   | You fall into a shaft and drop 1 floor!
 13922 | Lair:4   | Found a staircase to the Slime Pits.
 13922 | Lair:4   | Found a viscous altar of Jiyva.
 13934 | Lair:4   | Reached skill level 16 in Fighting
 14879 | Lair:4   | Reached skill level 17 in Fighting
 15216 | Lair:4   | Found an iron altar of Okawaru.
 15518 | Lair:5   | Entered Level 5 of the Lair of Beasts
 15657 | Lair:5   | Reached skill level 18 in Fighting
 15723 | Lair:5   | Found a frozen archway.
 15746 | IceCv    | Entered an ice cave
 15823 | IceCv    | Reached XP level 14. HP: 143/143 MP: 13/13
 15931 | IceCv    | Received a gift from Trog
 16161 | IceCv    | Noticed a reaper
 16420 | IceCv    | Killed a reaper
 16873 | Lair:5   | Reached skill level 19 in Fighting
 16970 | Lair:5   | Received a gift from Trog
 18350 | Lair:1   | Killed Pokonic1's ghost
 18426 | D:12     | Identified the +5 broad axe of Kutokh {heavy, rN+}
 18548 | D:12     | Reached skill level 1 in Unarmed Combat
 18789 | D:12     | Reached skill level 20 in Fighting
 19321 | D:13     | Found a bloodstained altar of Trog.
 20221 | D:14     | Found a gate to the Vaults.
 20274 | D:14     | Reached XP level 15. HP: 131/157 MP: 14/14
 20292 | D:14     | Reached skill level 21 in Fighting
 20349 | D:14     | Identified the +9 flail of Salt {heavy, +Blink rN+ Int+2}
 20384 | D:14     | Received a gift from Trog
 20883 | D:15     | Entered Level 15 of the Dungeon
 21135 | D:15     | Found a staircase to the Depths.
 21146 | D:15     | Reached skill level 22 in Fighting
 21409 | D:15     | Noticed Jorgrun
 21436 | D:15     | Killed Jorgrun
 21572 | D:15     | Found a stormy altar of Qazlal.
 22576 | Orc:1    | Entered Level 1 of the Orcish Mines
 22578 | Orc:1    | Noticed Sonja
 22688 | Abyss:2  | Cast into level 2 of the Abyss (Sonja)
 22853 | Abyss:2  | Received a gift from Trog
 23042 | Abyss:2  | Reached skill level 23 in Fighting
 23057 | Abyss:2  | Noticed a tentacled starspawn
 23129 | Abyss:2  | Found a corrupted altar of Lugonu.
 23134 | Abyss:2  | Noticed a bone dragon
 23184 | Abyss:2  | Found a corrupted altar of Lugonu.
 23205 | Abyss:2  | Noticed a tentacled starspawn
 23205 | Abyss:2  | Noticed a lich
 23212 | Abyss:2  | Killed a lich
 23213 | Abyss:2  | Reached skill level 15 in Armour
 23218 | Abyss:2  | Killed a tentacled starspawn
 23403 | Abyss:3  | Reached XP level 16. HP: 172/172 MP: 15/15
 23440 | Abyss:3  | Noticed a tentacled starspawn
 23467 | Abyss:3  | Killed a tentacled starspawn
 23673 | Abyss:3  | Lost intelligence.
 23676 | Abyss:3  | Succumbed to a green very ugly thing's poison

Illustrated notes

Levels and vault maps discovered:
D:1:      lightli_arrival_quake, layout_loops_ring,
          shapermc_ecumenical_altar_totnotflames
D:2:      layout_basic
D:3:      layout_rooms, gammafunk_ghost_nasty_kobolds
D:4:      dreamdust_elfheim, layout_cave_pools, grunt_temple_overflow_open,
          minmay_temple_entry_junction
D:5:      layout_basic, nicolae_vehumet_altar_sigil, gammafunk_ghost_split,
          uniq_eustachio
D:6:      layout_rooms, lemuel_crystal_altar, overflow_temple_1_default,
          uniq_pikel, uniq_edmund
D:7:      nicolae_cairo_tiling, layout_rooms, kennysheep_mini,
          nicolae_ossuary_entry_monument, minmay_misc_feat_encased,
          uniq_crazy_yiuf_cottage
D:8:      lemuel_castle_with_subvaults [lemuel_castle_interior_carwin_1],
          layout_basic
D:9:      layout_loops_corners, minmay_lair_entry_grove, david_orc_2,
          serial_demonic, serial_demonic_b, serial_demonic_d, serial_demonic_f,
          serial_demonic_b, serial_demonic_e, serial_demonic_c,
          serial_demonic_g, nicolae_figureground_sparkle
D:10:     layout_stronghold, tgw_sif, mainiacjoe_overflow_six_doors_small
D:11:     layout_gridville
D:12:     layout_cave_pools
D:13:     layout_gridville, st_stairs_12, hangedman_weighted_door,
          trog_three_pillars_becter
D:14:     layout_big_octagon, david_vaults_2, nrook_pool_corridor
D:15:     gammafunk_depths_entry_grave, layout_layer_cave,
          nicolae_qazlal_scattered_showers, minmay_misc_feat_diagonals,
          uniq_jorgrun
Lair:1:   layout_regular_city, gammafunk_ghost_arena, uniq_maggie
Lair:2:   layout_loops_ring, nicolae_spider_entry_non_spiders,
          beast_lair_carwin_1, uniq_erica
Lair:3:   layout_big_grid, swamp_mist_pool
Lair:4:   layout_roguey, minmay_slime_entry_jelly_boxes, basic_altar,
          lemuel_fruit_fields, infiniplex_staircase_pool_2
Lair:5:   minmay_lair_end_enchanted_forest, layout_misc_corridors,
          portal_ice_cave_entry_ice_simulacra, serial_bayou_shore_a,
          grunt_megastairs_2
Orc:1:    layout_caves, uniq_sonja
Abyss:3:  base: D:1, evilmike_abyss_exit_glass

Skill      XL: |  1  2  3  4  5  6  7  8  9 10 11 12 13 14 15 |
---------------+----------------------------------------------+-----
Long Blades    | 4 5 6 8 9 11 14 | 14.0
Shields        | 1 7 9 10 | 10.2
Polearms       | 1 |  1.8
Fighting       | 8 11 14 15 18 20 23 | 23.8
Armour         | 7 10 12 13 15 | 15.4
Dodging        | 4 6 8 |  8.6
Evocations     | 3 4 |  4.9
Unarmed Combat | 2 |  2.5

Action                     |  1- 3 |  4- 6 |  7- 9 | 10-12 | 13-15 | 16-18 || total
---------------------------+-------+-------+-------+-------+-------+-------++-------
  Melee: Falchion          |    95 |   108 |   436 |  1102 |       |       ||  1741
         Headbutt          |    15 |    12 |    99 |   255 |   414 |    17 ||   812
         Punch             |     1 |     1 |       |       |       |       ||     2
         Scimitar          |       |       |       |    33 |  1488 |    73 ||  1594
 Invoke: Berserk           |     1 |     3 |     5 |    13 |    20 |     3 ||    45
         Trog's Hand       |       |     1 |     1 |     1 |     1 |       ||     4
         Brothers in Arms  |       |       |       |     5 |     2 |     1 ||     8
  Evoke: Wand              |       |       |       |     3 |     4 |       ||     7
    Use: Potion            |     1 |     3 |       |     4 |     6 |     2 ||    16
         Scroll            |       |       |     5 |     3 |    21 |     1 ||    30
   Stab: Sleeping          |     3 |       |       |       |       |       ||     3
 Armour: Animal skin       |     8 |       |       |       |       |       ||     8
         Plate armour      |    38 |    68 |       |       |       |       ||   106
         Chain mail        |       |    19 |   157 |   339 |   700 |    44 ||  1259
         Crystal plate arm |       |       |       |       |     7 |       ||     7
  Dodge: Dodged            |    53 |    37 |   131 |   269 |   629 |    28 ||  1147
  Block: Buckler           |       |     1 |    69 |   300 |   578 |    18 ||   966

Table legend: (Time is in decaauts)
 A = Elapsed time spent in this place.
 B = Non-inter-level travel time spent in this place.
 C = Inter-level travel time spent in this place.
 D = Time resting spent in this place.
 E = Time spent auto-exploring this place.
 F = Levels seen in this place.
 G = Mean time per level.
                   A        B        C        D        E       F      G
               +--------+--------+--------+--------+--------+-----+--------+
         Total |  23093 |  21859 |   1234 |   3705 |  11716 |  25 |  923.7 |
       Dungeon |  15774 |  14769 |   1005 |   2628 |   8664 |  15 | 1051.6 |
          Lair |   5239 |   5011 |    228 |    604 |   2850 |   5 | 1047.8 |
  Orcish Mines |     20 |     20 |      0 |      0 |      0 |   1 |   20.0 |
         Abyss |    981 |    981 |      0 |    348 |     97 |   2 |  490.5 |
       Ossuary |    353 |    353 |      0 |     52 |      6 |   1 |  353.0 |
      Ice Cave |    724 |    724 |      0 |     71 |     99 |   1 |  724.0 |
               +--------+--------+--------+--------+--------+-----+--------+

Top non-repeatable levels by time:
     D:8: 2616 daAuts
     D:9: 1762 daAuts
    D:15: 1526 daAuts
  Lair:1: 1182 daAuts
    D:10: 1180 daAuts
    D:13: 1174 daAuts
  Lair:5: 1170 daAuts
  Lair:2: 1125 daAuts
     D:4: 985 daAuts
     D:7: 929 daAuts
     D:5: 926 daAuts
  Lair:3: 909 daAuts
  Lair:4: 851 daAuts
    D:11: 765 daAuts
    D:14: 750 daAuts
